 Dungeon Crawl Stone Soup version 0.21.1-1-g345015f (webtiles) character file.

43 suicidejoker the Skirmisher (level 3, 0/29 HPs)
             Began as a Demonspawn Fighter on May 14, 2018.
             Slain by a gnoll
             ... wielding a +0 whip
              (1 damage)
             ... on level 2 of the Dungeon.
             The game lasted 00:01:57 (760 turns).

suicidejoker the Skirmisher (Demonspawn Fighter)     Turns: 760, Time: 00:01:59

Health: 0/29       AC:  6    Str: 21    XL:     3   Next: 37%
Magic:  3/3        EV:  9    Int:  9    God:
Gold:   0          SH:  9    Dex: 13    Spells: 2/2 levels left

rFire    . . .     SeeInvis .   a - +0 trident
rCold    . . .     Gourm    .   c - +0 shield
rNeg     . . .     Faith    .   b - +0 scale mail
rPois    .         Spirit   .   (no helmet)
rElec    .         Reflect  .   (no cloak)
rCorr    .         Harm     .   (no gloves)
MR       .....                  (no boots)
Stlth    ..........             m - amulet of magic regeneration
HPRegen  0.09/turn              (no ring)
MPRegen  0.33/turn              (no ring)

@: mighty
A: repulsion field 1
a: no special abilities


You were on level 2 of the Dungeon.
You were not hungry.

You visited 1 branch of the dungeon, and saw 2 of its levels.

You collected 90 gold pieces.
You spent 90 gold pieces at shops.

Inventory:

Hand Weapons
 a - a +0 trident (weapon)
Missiles
 h - 2 throwing nets (quivered)
 j - 23 sling bullets
 k - 13 arrows
Armour
 b - a +0 scale mail (worn)
 c - a +0 shield (worn)
Jewellery
 m - an amulet of magic regeneration (around neck)
Scrolls
 g - 3 scrolls of remove curse {unknown}
 i - a scroll of magic mapping {unknown}
 l - a scroll of random uselessness {unknown}
 o - a scroll of amnesia {unknown}
 p - a scroll of identify {unknown}
Potions
 d - 2 potions of might
 e - a potion of mutation {unknown}
 n - a potion of curing
Comestibles
 f - a ration


   Skills:
 + Level 3.1 Fighting
 * Level 2.2 Polearms
 * Level 3.0 Armour
 * Level 1.0 Dodging
 + Level 0.7 Stealth
 * Level 3.0 Shields


You had 2 spell levels left.
You didn't know any spells.

Dungeon Overview and Level Annotations

Branches:
Dungeon (2/15)

Altars:
Zin


Innate Abilities, Weirdness & Mutations

You are surrounded by a mild repulsion field. (EV +2)


Message History

You are too injured to fight recklessly!
You are too injured to fight recklessly!
You are too injured to fight recklessly!
You are too injured to fight recklessly!
You are too injured to fight recklessly!
You are too injured to fight recklessly!
You are too injured to fight recklessly!
You are too injured to fight recklessly!
You are too injured to fight recklessly!
You are too injured to fight recklessly!
You are too injured to fight recklessly!
You are too injured to fight recklessly!
You are too injured to fight recklessly!
You feel very mighty all of a sudden. The gnoll hits you.
* * * LOW HITPOINT WARNING * * *
The gnoll hits you from afar with a spear.
* * * LOW HITPOINT WARNING * * *
The gnoll hits you with a whip.
You die...

#........<.....
#
#.#.#######....
#. #.#.# ##...
#.## #.#.# ##..
... #.#.# ##. #
#.. #.#.# #.
..$#..####†#.#
#.
........†.)#.#
#.
###..)@g..>.#
#. #....gg#.##
#.
.....####...#
#. .... ##.....
#. .## ##### #.
#. #. ## #


You could see 3 gnolls.

Vanquished Creatures
  A gnoll (D:2)
  A worm (D:2)
  4 leopard geckos
  4 bats
  3 giant cockroaches (D:1)
  2 goblins
  2 hobgoblins (D:1)
  2 kobolds
  2 frilled lizards (D:1)
  5 rats
26 creatures vanquished.

Notes
Turn   | Place    | Note
-------+----------+-------------------------------------------
     0 | D:1      | suicidejoker the Demonspawn Fighter began the quest for the Orb.
     0 | D:1      | Reached XP level 1. HP: 18/18 MP: 1/1
    92 | D:1      | Gained mutation: You are surrounded by a mild repulsion field. (EV +2) [demonic ancestry]
    92 | D:1      | Reached XP level 2. HP: 24/24 MP: 2/2
   518 | D:2      | Found Zin's Purification Station.
   521 | D:2      | Found a glowing silver altar of Zin.
   581 | D:2      | Bought a potion of curing for 90 gold pieces
   685 | D:2      | Reached XP level 3. HP: 28/29 MP: 3/3
   746 | D:2      | Reached skill level 1 in Dodging
   760 | D:2      | HP: 1/29 [gnoll/spear (6)]
   760 | D:2      | Slain by a gnoll

Skill      XL: |  1  2  3 |
---------------+----------+-----
Polearms       | 2 |  2.2
Armour         | 3 |  3.0
Dodging        | 1 |  1.0
Shields        | 3 |  3.0
Fighting       | |  3.1
Stealth        | |  0.7

Action                   || total
-------------------------++-------
Melee: Trident           ||   109
  Use: Potion            ||     1
Armor: Scale mail        ||    39
Dodge: Dodged            ||    41
Block: Shield            ||    37
